 Dungeon Crawl Stone Soup version 0.31.0-32-g396128a36d (webtiles) character file.

Game seed: 9995429659002205410

97 601d51SH the Trooper (level 4, -9/40 HPs)
             Began as a Hill Orc Fighter on Apr 2, 2024.
             Mangled by a crocodile (12 damage)
             ... in a sewer.
             The game lasted 00:05:40 (1499 turns).

601d51SH the Trooper (Hill Orc Fighter)             Turns: 1499, Time: 00:05:41

Health: -9/40      AC:  8    Str: 20    XL:     4   Next: 68%
Magic:  4/4        EV:  9    Int:  8    God:
Gold:   152        SH:  4    Dex: 10    Spells: 3/3 levels left

rFire   . . .        a - +0 war axe
rCold   . . .        c - +0 buckler
rNeg    . . .        b - +0 scale mail
rPois   .            l - +0 helmet
rElec   .            (no cloak)
rCorr   .            (no gloves)
SInv    .            (no boots)
Will    .....        (no amulet) Stlth
                     (no ring)
HPRegen 0.26/turn    (no ring)
MPRegen 0.09/turn

%: no passive effects
@: very slow
A: no striking features
a: no special abilities


You were in a sewer.
You visited 1 branch of the dungeon, and saw 3 of its levels.
You also visited: Sewer.

You collected 152 gold pieces.

Inventory:

Hand Weapons
 a - a +0 war axe (weapon)
 k - a +2 dagger of venom
Missiles
 p - 3 javelins (quivered)
Armour
 b - a +0 scale mail (worn)
 c - a +0 buckler (worn)
 l - a +0 helmet (worn)
Scrolls
 f - a scroll of poison {unknown}
 g - 4 scrolls of teleportation
 i - a scroll of brand weapon {unknown}
 j - 2 scrolls of immolation {unknown}
 n - a scroll of identify {unknown}
Potions
 d - a potion of might
 e - 2 potions of curing {unknown}
 h - a potion of attraction {unknown}
 m - a potion of mutation {unknown}
 o - a potion of heal wounds {unknown}
 q - a potion of magic {unknown}


   Skills:
 + Level 4.3 Fighting
 + Level 4.2 Axes
 + Level 4.0 Armour
 + Level 0.4 Dodging
 + Level 3.6 Shields
 * Level 0.5 Hexes


You had 3 spell levels left.
You didn't know any spells.
Your spell library contained the following spells:

 Spells                   Type           Power      Damage    Failure   Level
 Foxfire                  Conj/Fire      0%         2x1d4     83%         1
 Mercury Vapours          Alch/Air       0%         N/A       92%         2
 Static Discharge         Conj/Air       0%         3-3/arc   92%         2
 Confusing Touch          Hex            0%         N/A       98%         3
 Sigil of Binding         Hex            0%         N/A       98%         3
 Mephitic Cloud           Conj/Alch/Air  0%         N/A       99%         3
 Freezing Cloud           Conj/Ice/Air   0%         6-21      100%        5


Dungeon Overview and Level Annotations

Branches:
Dungeon (3/15)              Sewer (1/1)

Altars:


Message History

The crocodile bites you! The crocodile drags you backwards!
The crocodile bites you. The crocodile drags you backwards!
Splash!
You hit the crocodile.
The crocodile is moderately wounded.
The crocodile bites you.
Your unstable footing causes you to fumble your attack.
The crocodile misses you.
You barely miss the crocodile.
The crocodile is moderately wounded.
The crocodile barely misses you.
The crocodile bites you but does no damage.
Your unstable footing causes you to fumble your attack.
The crocodile closely misses you.
Throw: 6 javelins
Press: ? - help, Q - select action Shift-Dir - straight line You can't see that place.
Okay, then.
Throw: 6 javelins
Press: ? - help, Q - select action Shift-Dir - straight line, f - crocodile
Aim: a crocodile (moderately wounded, 45% to hit)
You throw a javelin.
The javelin pierces through the crocodile.
The crocodile is heavily wounded.
The crocodile bites you but does no damage.
Throw: 5 javelins
Press: ? - help, Q - select action Shift-Dir - straight line, f/p - crocodile
Aim: a crocodile (heavily wounded, 45% to hit)
You throw a javelin.
The javelin pierces through the crocodile!
The crocodile is almost dead.
The crocodile barely misses you. The crocodile closely misses you.
Throw: 4 javelins
Press: ? - help, Q - select action Shift-Dir - straight line, f/p - crocodile
Aim: a crocodile (almost dead, 45% to hit)
You throw a javelin. The javelin misses the crocodile.
The crocodile bites you!
* * * LOW HITPOINT WARNING * * *
The crocodile bites you!
You die...

#..## #~.#
#.~.# ...#
##.~###~.#
#...#~..#
##.~...#
#~~~..#
##~~.##
#...###
:.#.#@/#
#[=#.#)l#
#########


You could see a crocodile.

Vanquished Creatures
  Terence (D:2)
  Robin (D:2)
  2 adders (D:2)
  2 dart slugs (D:1)
  2 ball pythons
  An endoplasm (D:1)
  2 giant cockroaches (D:3)
  11 goblins
  5 hobgoblins
  4 jackals (Sewer)
  A frilled lizard (D:1)
  A kobold (Sewer)
  3 rats (D:1)
36 creatures vanquished.

Notes
Turn   | Place    | Note
-------+----------+-------------------------------------------
     0 | D:1      | 601d51SH the Hill Orc Fighter began the quest for the Orb.
     0 | D:1      | Reached XP level 1. HP: 19/19 MP: 1/1
   182 | D:1      | Reached XP level 2. HP: 26/27 MP: 2/2
   537 | D:2      | Noticed Terence
   550 | D:2      | Killed Terence
   551 | D:2      | Reached XP level 3. HP: 8/33 MP: 3/3
   708 | D:2      | Reached XP level 4. HP: 26/40 MP: 4/4
   710 | D:2      | Got Sif Muna's Parchment of the Radiant Oath
   808 | D:2      | Noticed Robin
   833 | D:2      | Killed Robin
  1296 | D:3      | Found a glowing drain.
  1314 | Sewer    | Entered a sewer
  1483 | Sewer    | Noticed a crocodile
  1499 | Sewer    | Mangled by a crocodile

Illustrated notes

Levels and vault maps discovered:
D:1:      dpeg_arrival_snail, layout_rooms
D:2:      layout_rooms, uniq_terence, uniq_robin
D:3:      layout_loops_ring, nicolae_ru_sacrificial_ziggurat,
          cheibrodos_sewer_entry_drain, serial_shops, shop
Sewer:    sewer_the_crocodile

Skill      XL: |  1  2  3  4 |
---------------+-------------+-----
Axes           | 3 4 |  4.2
Fighting       | 4 |  4.3
Armour         | 4 |  4.0
Dodging        | |  0.4
Shields        | |  3.6
Hexes          | |  0.5

Action                     |  1- 3 |  4- 6 || total
---------------------------+-------+-------++-------
  Melee: War axe           |    46 |    60 ||   106
  Throw: Javelin           |       |     3 ||     3
    Use: Scroll            |       |     1 ||     1
 Armour: Scale mail        |    35 |    50 ||    85
  Dodge: Dodged            |    27 |    39 ||    66
  Block: Buckler           |    12 |    28 ||    40
